 Dungeon Crawl Stone Soup version 0.30.1-11-g7821555f0a (webtiles) character file.

Game seed: 7018213780553853316

464 KittyFluff the Cudgeller (level 7, -1/44 HPs)
             Began as a Gargoyle Berserker on Oct 29, 2023.
             Was a Priest of Trog.
             Slain by a wyvern (7 damage)
             ... on level 4 of the Dungeon.
             The game lasted 00:12:05 (3138 turns).

KittyFluff the Cudgeller (Gargoyle Berserker)       Turns: 3138, Time: 00:12:06

Health: -1/44      AC:  8    Str: 22    XL:     7   Next: 8%
Magic:  7/7        EV: 12    Int:  8    God:    Trog [***...]
Gold:   201        SH:  0    Dex:  9    Spells: 6/6 levels left

rFire   . . .        s - +3 whip
rCold   . . .        (no shield)
rNeg    + . .        i - +0 leather armour
rPois   ∞            (no helmet)
rElec   +            (no cloak)
rCorr   .            (no gloves)
SInv    .            (no boots)
Will    .....        (no amulet)
Stlth   +            (no ring)
HPRegen 0.27/turn    (no ring)
MPRegen 0.10/turn

%: no passive effects
@: no status effects
A: sickness immunity, AC +4, negative energy resistance 1, electricity
resistance, torment resistance 1, petrification resistance
a: Renounce Religion, Berserk, Trog's Hand


You were on level 4 of the Dungeon.
You worshipped Trog.
Trog was most pleased with you.
You visited 1 branch of the dungeon, and saw 4 of its levels.

You collected 201 gold pieces.

Inventory:

Hand Weapons
 a - a +0 mace
 s - a +3 whip (weapon)
Missiles
 p - 6 poisoned darts (quivered)
Armour
 i - a +0 leather armour (worn)
Wands
 w - a wand of polymorph (3)
Scrolls
 b - a scroll of brand weapon {unknown}
 c - 3 scrolls of identify {unknown}
 d - a scroll of fear {unknown}
 e - 2 scrolls of teleportation {unknown}
 k - a scroll of vulnerability {unknown}
 l - a scroll of blinking {unknown}
 m - a scroll of immolation {unknown}
 o - a scroll of noise {unknown}
 r - a scroll of poison {unknown}
Potions
 f - 2 potions of mutation {unknown}
 g - 2 potions of heal wounds {unknown}
 h - 3 potions of curing {unknown}
 j - 2 potions of resistance {unknown}
 n - a potion of brilliance {unknown}
 q - a potion of might {unknown}
 t - a potion of lignification {unknown}
 u - a potion of flight {unknown}
 v - a potion of haste


   Skills:
 + Level 4.4 Fighting
 * Level 5.1 Maces & Flails
 * Level 5.0 Armour
 + Level 2.8 Dodging


You had 6 spell levels left.
You didn't know any spells.
Your spell library was empty.

Dungeon Overview and Level Annotations

Branches:
Dungeon (4/15)
 Temple: D:4-7

Altars:
Fedhas
Makhleb


Innate Abilities, Weirdness & Mutations

You are immune to sickness and miasma.
Your stone body is resilient. (AC +4)
You are immune to poison.
You resist negative energy. (rN+)
You are resistant to electric shocks. (rElec)
You are resistant to unholy torment.
You are immune to petrification.


Message History

You hit the goblin.
You kill the goblin!
Trog accepts your kill.
You see here a +0 dagger.
You hit the wyvern.
The wyvern is lightly wounded.
The wyvern bites you but does no damage. x2
You closely miss the wyvern.
The wyvern is lightly wounded.
The wyvern bites you!
You hit the wyvern.
The wyvern is lightly wounded.
The wyvern bites you.
You hit the wyvern.
The wyvern is lightly wounded.
The wyvern barely misses you.
You hit the wyvern.
The wyvern is moderately wounded.
The wyvern misses you. The wyvern bites you!
You hit the wyvern.
The wyvern is heavily wounded.
The wyvern bites you but does no damage.
You barely miss the wyvern.
The wyvern is heavily wounded.
The wyvern bites you.
You closely miss the wyvern.
The wyvern is heavily wounded.
The wyvern misses you.
You hit the wyvern.
The wyvern is severely wounded.
The wyvern bites you but does no damage.
The wyvern bites you!
* * * LOW HITPOINT WARNING * * *
You closely miss the wyvern.
The wyvern is severely wounded.
The wyvern bites you but does no damage.
You hit the wyvern but do no damage.
The wyvern is severely wounded.
The wyvern bites you!
You die...

########
#############......#
....^.......#......#
............#......#
...<.......#......#####
#.......#...........
#.l.....#...........
#..@##..#...........
#...##..#...........
#....#..#......>....
#?...+..'...........
+...##..#...........
#...##+##....###+###
#...# #....# +....
#....# #....#


You could see a wyvern.

Vanquished Creatures
  A bullfrog (D:4)
  A scorpion (D:4)
  A howler monkey (D:4)
  3 jellies
  An iguana (D:4)
  A sleepcap (D:4)
  3 gnolls (D:4)
  7 adders
  A dart slug (D:1)
  2 orcs
  3 bats
  12 endoplasms
  5 giant cockroaches
  6 goblins
  6 hobgoblins
  2 jackals (D:4)
  15 kobolds
  A quokka (D:1)
  7 ball pythons
  A rat (D:1)
79 creatures vanquished.

Notes
Turn   | Place    | Note
-------+----------+-------------------------------------------
     0 | D:1      | KittyFluff the Gargoyle Berserker began the quest for the
                  | Orb.
     0 | D:1      | Reached XP level 1. HP: 14/14 MP: 1/1
    70 | D:1      | Found a faded altar of an unknown god.
   292 | D:1      | Reached XP level 2. HP: 19/19 MP: 2/2
   799 | D:2      | Reached XP level 3. HP: 23/23 MP: 3/3
   981 | D:2      | Reached XP level 4. HP: 17/29 MP: 4/4
  1030 | D:2      | Reached ** piety under Trog
  1312 | D:2      | Reached XP level 5. HP: 33/33 MP: 5/5
  2326 | D:3      | Found a burning altar of Makhleb.
  2437 | D:4      | Reached XP level 6. HP: 35/38 MP: 6/6
  2549 | D:4      | Reached *** piety under Trog
  2638 | D:4      | Reached skill level 5 in Maces & Flails
  2700 | D:4      | Reached XP level 7. HP: 19/44 MP: 7/7
  2895 | D:4      | Found a blossoming altar of Fedhas.
  2931 | D:4      | Reached skill level 5 in Armour
  3123 | D:4      | Noticed a wyvern
  3138 | D:4      | Slain by a wyvern

Illustrated notes

Levels and vault maps discovered:
D:1:      psy_arrival_radial01, layout_basic,
          shapermc_ecumenical_altar_mp_urbaneastern
D:2:      cheibrodos_fertilizer, layout_loops_ring
D:3:      layout_loops_ring, lemuel_tele_altar
D:4:      layout_gridville, fedhas_altar_1

Skill      XL: |  1  2  3  4  5  6  7 |
---------------+----------------------+-----
Armour         | 3 4 5 |  5.0
Dodging        | 2 |  2.8
Maces & Flails | 4 5 |  5.1
Fighting       | 4 |  4.4

Action                     |  1- 3 |  4- 6 |  7- 9 || total
---------------------------+-------+-------+-------++-------
  Melee: Mace              |    74 |    72 |       ||   146
         Whip              |       |    79 |    37 ||   116
         Punch             |       |     1 |       ||     1
 Armour: Animal skin       |    19 |     1 |       ||    20
         Leather armour    |       |    52 |    19 ||    71
  Dodge: Dodged            |    42 |    74 |    25 ||   141
